Unix NetHack Version 5.0.0-0 post-release - last build May  4 2026 22:22:43 (774f63e81ad911689b3a0859ea89b322d5daca8d,branch:main).

Game began 2026-05-05 08:13:51, ended 2026-05-05 08:32:51.

AvatarOfWar, lawful female dwarven Valkyrie

                                           -----------
                                           |.......<.|
 ---------                                #-.........|
 |.......|                                #|.........|
 |........#####                           #|....{....|
 |.......|    ##     ##`                  #----.------
 |.......|     ##    #------              #    #
 |.......|      #    #|....|              #    #
 |........############-....|             ##    #
 ---------            |(....##     ------#     #
                      ------ d@@e##.....|#     #
                                   |....|#     #
                                   |....-#    -.---------
                                   ------     |.........|
                                              |.........|
                                              -----------

AvatarOfWar the Skirmisher  St:15 Dx:11 Co:16 In:10 Wi:11 Ch:12  Lawful
Dlvl:4  $:59 HP:0(36) Pw:3(3) AC:7  Xp:3 T:2012 

Latest messages:
 The little dog picks up an orcish dagger.
 The little dog drops an orcish dagger.
 You hear some noises.
 The homunculus bites!
 The little dog misses the homunculus.
 The little dog misses the homunculus.
 The homunculus bites!
 The little dog misses the homunculus.
 The homunculus bites!
 The little dog misses the homunculus.
 The homunculus bites!
 The little dog misses the homunculus.
 The homunculus bites!
 The little dog misses the homunculus.
 The little dog bites the homunculus.
 The homunculus is killed!
 The little dog picks up an orcish dagger.
 The little dog drops an orcish dagger.
 The little dog picks up an orcish dagger.
 The little dog drops an orcish dagger.
 The little dog picks up an orcish dagger.
 The little dog drops an orcish dagger.
 The little dog picks up an orcish dagger.
 You hear some noises.
 It misses the werejackal.
 The werejackal changes into a jackal.
 The werejackal bites!
 It bites the werejackal.
 The werejackal bites it.
 The werejackal bites!
 It misses the werejackal.
 The werejackal changes into a human.
 The werejackal hits!
 It misses the werejackal.
 It misses the werejackal.
 The werejackal hits!
 It bites the werejackal.
 The werejackal misses it.
 The werejackal hits!
 It bites the werejackal.
 The werejackal hits it.
 The werejackal hits!
 The werejackal hits!
 The werejackal hits!
 You die...
 Do you want your possessions identified? [ynq] (y) y
 Do you want to see your attributes? [ynq] (y) n
 Do you want an account of creatures vanquished? [ynaq] (y) n
 Do you want to see your conduct and achievements? [ynq] (y) n
 Do you want to see the dungeon overview? [ynq] (y) n

Inventory:
 Coins    ('$')
  $ - 59 gold pieces
 Weapons  (')')
  p - 6 +0 silver arrows
  v - a +0 sling
  q - 10 +1 darts
  b - a +0 dagger (alternate weapon; not wielded)
  a - a blessed +1 dwarvish spear (weapon in right hand)
 Armor    ('[')
  h - an uncursed +0 orcish helm (being worn)
  c - an uncursed +3 small shield (being worn)
  o - an uncursed +0 alchemy smock with text "Kiss the cook" (being worn)
  i - a cursed burnt -3 Hawaiian shirt with a toucan motif (being worn)
 Comestibles  ('%')
  d - 2 uncursed food rations
 Scrolls  ('?')
  x - a blessed scroll of light
 Potions  ('!')
  u - a blessed potion of confusion
  k - an uncursed potion of confusion
  y - a blessed potion of healing
  g - 2 uncursed potions of healing
 Rings    ('=')
  s - an uncursed ring of poison resistance (on left hand)
 Wands    ('/')
  f - a wand of opening (0:4)
 Tools    ('(')
  e - a cursed lock pick
 Gems/Stones  ('*')
  t - an uncursed worthless piece of orange glass
  w - 5 uncursed flint stones
 Boulders/Statues  ('`')
  l - an empty uncursed statue of a grid bug
  n - an empty uncursed statue of a lichen

AvatarOfWar the Valkyrie's attributes:

Background:
 You were a Skirmisher, a level 3 dwarven Valkyrie.
 You were lawful, nominally on a mission for Tyr
 who was opposed by Odin (neutral) and Loki (chaotic).
 You were right-handed.
 You were in the Dungeons of Doom, on level 4.
 You entered the dungeon 2012 turns ago.
 You had 74 experience points, 6 more were needed to attain level 4.

Basics:
 You had 0 out of 36 hit points.
 You had all 3 energy points (spell power).
 Your armor class was 7.
 Your wallet contained 59 zorkmids.
 Autopickup was on for all types.

Final Characteristics:
 Your strength was 15 (limit:18/100).
 Your dexterity was 11 (peak:12, limit:20).
 Your constitution was 16 (limit:20).
 Your intelligence was 10 (limit:16).
 Your wisdom was 11 (limit:16).
 Your charisma was 12 (limit:16).

Final Status:
 You weren't hungry.
 You were unencumbered.
 You were wielding a spear.
 You had basic skill with spear.

Final Attributes:
 You were devoutly aligned.
 You were cold resistant.
 You were poison resistant.
 You were acid resistant.
 Your items were protected from acid.
 You had infravision.
 You were stealthy.
 You aggravated monsters.
 You were warded.
 You were unlucky.
 You are dead.

Miscellaneous:
 You didn't encounter any bones levels.
 Total elapsed playing time was 18 minutes and 57 seconds.

Major events:
 Turn
    1: AvatarOfWar the lawful dwarven Valkyrie entered the dungeon
  977: attained the rank of Skirmisher (level 3)
 2012: killed by a werejackal, while frozen by a floating eye's gaze

You didn't know any spells.

Skills:
 Fighting Skills
   bare handed combat [Unskilled]
   two weapon combat  [Unskilled]
   riding             [Unskilled]
 Weapon Skills
   dagger             [Basic]
   axe                [Unskilled]
   pick-axe           [Unskilled]
   short sword        [Unskilled]
   broadsword         [Unskilled]
   long sword         [Unskilled]
   two-handed sword   [Unskilled]
   saber              [Unskilled]
   hammer             [Unskilled]
   quarterstaff       [Unskilled]
   polearms           [Unskilled]
   spear              [Basic]
   trident            [Unskilled]
   lance              [Unskilled]
   sling              [Unskilled]
 Spellcasting Skills
   attack spells      [Unskilled]
   escape spells      [Unskilled]

Voluntary challenges:
 Character rerolling was not enabled.
 You were an atheist.
 You never genocided any monsters.
 You never polymorphed an object.
 You never changed form.
 You used no wishes.
Achievement:
 You attained the rank of Skirmisher.

 The Dungeons of Doom: levels 1 to 4
    Level 1:
    Level 2:
    Level 3:
    Level 4: <- You were here.
       A fountain.
       Final resting place for
          you, killed by a werejackal, while frozen by a floating eye's gaze.


Vanquished creatures:
  2 homunculi
  a kobold leader
  a hobbit
  a large kobold
  a green mold
  a red mold
  a gecko
  3 jackals
  a fox
  a kobold
  3 goblins
  a sewer rat
  4 grid bugs
  3 lichens
  2 kobold zombies
  2 newts
28 creatures vanquished.

No species were genocided or became extinct.

Game over:
                       ----------
                      /          \
                     /    REST    \
                    /      IN      \
                   /     PEACE      \
                  /                  \
                  |   AvatarOfWar    |
                  |      59 Au       |
                  |   killed by a    |
                  |    werejackal    |
                  |                  |
                  |                  |
                  |       2026       |
                 *|     *  *  *      | *
        _________)/\\_//(\/(/\)/\//\/|_)_______

Farvel AvatarOfWar the Valkyrie...

You died in The Dungeons of Doom on dungeon level 4 with 510 points,
and 59 pieces of gold, after 2012 moves.
You were level 3 with a maximum of 36 hit points when you died.

